 Dungeon Crawl Stone Soup version 0.22-a0-480-g991dd4b (webtiles) character file.

587558 Mgcat the Ruinous (level 27, -2/175 HPs)
             Began as a Gargoyle Fire Elementalist on June 16, 2018.
             Was the Champion of Vehumet.
             Killed from afar by an electric golem (9 damage)
             ... with a bolt of lightning
             ... on level 3 of the Realm of Zot.
             The game lasted 05:31:39 (86873 turns).

Mgcat the Ruinous (Gargoyle Fire Elementalist)     Turns: 86873, Time: 05:31:40

Health: -2/175     AC: 43    Str: 14    XL:     27
Magic:  26/45      EV: 17    Int: 31    God:    Vehumet [******]
Gold:   2955       SH:  7    Dex: 13    Spells: 26/62 levels left

rFire    + + +     SeeInvis +   P - +3 Elemental Staff {rElec rF++ rC++ MR++ AC+5}
rCold    + + +     Gourm    +   R - +2 buckler {AC+3}
rNeg     + . .     Faith    .   O - +2 ring mail of the Cuttlefish {Int+4 Slay+6 SInv}
rPois    ∞         Spirit   .   G - +2 hat
rElec    +         Reflect  .   a - scarf {rC+ rF+}
rCorr    .         Harm     .   o - +2 pair of gloves {Dex+3}
MR       +++++                  J - +2 pair of boots {run}
Stlth    ++........             f - amulet of the gourmand {Gourm, !d}
HPRegen  0.39/turn              S - ring of see invisible {sInv, !d}
MPRegen  0.29/turn              A - ring of protection from magic {MR+, !d}

@: slowed, very slow
A: antennae 1, big wings, deformed body, negative energy resistance 1,
electricity resistance, unbreathing, petrification resistance, rot immunity, AC
+20
}: 3/15 runes: decaying, serpentine, slimy
a: Fly, Renounce Religion


You were on level 3 of the Realm of Zot.
You worshipped Vehumet.
Vehumet was exalted by your worship.
You were completely stuffed.

You visited 11 branches of the dungeon, and saw 53 of its levels.
You visited 1 bazaar.
You also visited: Ice Cave and Wizlab.

You collected 7430 gold pieces.
You spent 4475 gold pieces at shops.

Inventory:

Hand Weapons
 P - the +3 Elemental Staff (weapon) {rElec rF++ rC++ MR++ AC+5}
   (You found it on level 1 of the Depths)

   It affects your AC (+5).
   It greatly protects you from fire.
   It greatly protects you from cold.
   It insulates you from electricity.
   It affects your resistance to hostile enchantments.
Missiles
 y - 3 throwing nets {=f, !d}
Armour
 a - a scarf of resistance (worn)
   (You acquired it on level 2 of the Depths)
 o - a +2 pair of gloves of dexterity (worn)
   (You found it on level 3 of the Depths)
 G - a +2 hat (worn)
   (You took it off Gastronok on level 2 of the Lair of Beasts)
 I - a +2 robe of the Archmagi
   (You bought it in a shop on level 2 of the Orcish Mines)
 J - a +2 pair of boots of running (worn)
   (You found it in an ice cave)
 O - the +2 ring mail of the Cuttlefish (worn) {Int+4 Slay+6 SInv}
   (You found it on level 5 of the Pits of Slime)

   It affects your intelligence (+4).
   It affects your accuracy and damage with ranged weapons and melee attacks
   (+6).
   It lets you see invisible.
 R - a +2 buckler of protection (worn)
   (You bought it in a shop on level 2 of the Vaults)
Magical Staves
 w - an uncursed staff of energy {+MP, hungerless spells, !d!a@w1}
   (You found it on level 5 of the Pits of Slime)
Jewellery
 b - an uncursed ring of resist corrosion
   (You bought it in a shop on level 2 of the Snake Pit)
 f - an amulet of the gourmand (around neck) {Gourm, !d}
   (You found it on level 5 of the Lair of Beasts)
 g - an uncursed ring of teleportation {+/*tele, !d}
   (You found it on level 4 of the Depths)
 j - an uncursed ring of wizardry {Wiz+, !d}
   (You took it off an orc on level 3 of the Dungeon)
 v - the ring "Imueriah" {Ice MR++ Int+2}
   (You found it on level 2 of the Swamp)

   [ring of ice]

   It enhances your ice magic.
   It affects your intelligence (+2).
   It makes you vulnerable to fire.
   It protects you from cold.
   It affects your resistance to hostile enchantments.
 A - a ring of protection from magic (right hand) {MR+, !d}
   (You found it on level 2 of the Realm of Zot)
 S - a ring of see invisible (left hand) {sInv, !d}
   (You bought it in a shop on level 2 of the Snake Pit)
Wands
 C - a wand of scattershot (4)
   (You found it on level 3 of the Vaults)
 E - a wand of digging (21)
   (You found it on level 11 of the Dungeon)
 F - a wand of iceblast (43)
   (You found it on level 2 of the Lair of Beasts)
 K - a wand of clouds (25)
   (You found it on level 6 of the Lair of Beasts)
 L - a wand of acid (17)
   (You found it on level 6 of the Lair of Beasts)
Scrolls
 d - 16 scrolls of remove curse
 e - 15 scrolls of identify
 l - 3 scrolls of fear
 m - a scroll of silence {unknown}
 n - 6 scrolls of teleportation
 p - 4 scrolls of enchant weapon
 r - a scroll of holy word {!r}
 D - 9 scrolls of fog
 M - 7 scrolls of amnesia
 Q - a scroll of enchant armour
 W - 3 scrolls of blinking {!r}
 Y - a scroll of magic mapping {!r}
Potions
 h - 4 potions of cancellation
 i - 2 potions of berserk rage {!q}
 k - 16 potions of curing
 q - a potion of heal wounds
 s - 2 potions of invisibility
 u - 8 potions of might
 x - 7 potions of agility
 z - 2 potions of ambrosia
 B - 6 potions of mutation {!q}
 H - a potion of resistance
 U - 4 potions of haste
 V - 3 potions of brilliance
Miscellaneous
 T - 2 phantom mirrors
Comestibles
 c - 32 rations
 t - 2 chunks of flesh {@w0}


   Skills:
 + Level 18.4 Fighting
 + Level 3.4 Staves
 - Level 6.0 Armour
 - Level 12.0 Dodging
 - Level 5.3 Stealth
 - Level 4.0 Shields
 - Level 18.0 Spellcasting
 + Level 21.7 Conjurations
 - Level 10.0 Summonings
 + Level 20.3 Fire Magic
 + Level 21.3 Earth Magic
 + Level 7.9 Evocations


You had 26 spell levels left.
You knew the following spells:

 Your Spells              Type           Power        Failure   Level  Hunger
a - Bolt of Fire          Conj/Fire      ########..   1%          6    None
b - Ignition              Fire           ########..   1%          8    #####..
c - Spellforged Servitor  Conj/Summ      #######...   1%          7    ####...
d - Sticky Flame          Conj/Fire      ########     0%          4    None
e - Fireball              Conj/Fire      ########..   0%          5    None
f - Iron Shot             Conj/Erth      ########..   1%          6    None

Your spell library contained the following spells:

 Spells                   Type           Power        Failure   Level  Hunger
 Cause Fear               Hex            ####......   26%         4    None
 Magic Dart               Conj           ####         0%          1    None
 Apportation              Tloc           ####..       2%          1    None
 Conjure Flame            Conj/Fire      ########     0%          3    None
 Bolt of Cold             Conj/Ice       #######...   1%          6    None
 Lightning Bolt           Conj/Air       #######...   1%          5    None
 Bolt of Magma            Conj/Fire/Erth ########..   0%          5    None
 Slow                     Hex            ####....     4%          2    None
 Confuse                  Hex            ####....     8%          3    None
 Invisibility             Hex            ####....     99%         6    None
 Throw Flame              Conj/Fire      ######       0%          2    None
 Throw Frost              Conj/Ice       ######       1%          2    None
 Freezing Cloud           Conj/Ice/Air   ######....   5%          6    None
 Mephitic Cloud           Conj/Pois/Air  ######..     1%          3    None
 Ring of Flames           Chrm/Fire      ######....   34%         7    ####...
 Venom Bolt               Conj/Pois      #######...   1%          5    None
 Summon Small Mammal      Summ           ####         1%          1    None
 Bolt of Draining         Conj/Necr      #######...   1%          5    None
 Blink                    Tloc           N/A          4%          2    None
 Iskenderun's Mystic Bla  Conj           ########     0%          4    None
 Animate Dead             Necr           N/A          26%         4    None
 Vampiric Draining        Necr           ####......   8%          3    None
 Freeze                   Ice            ####         1%          1    None
 Ozocubu's Refrigeration  Ice            ####......   67%         6    None
 Summon Ice Beast         Ice/Summ       ######..     3%          4    None
 Ozocubu's Armour         Chrm/Ice       ####....     8%          3    None
 Call Imp                 Summ           ######..     1%          2    None
 Dispel Undead            Necr           ####....     58%         5    None
 Sting                    Conj/Pois      ####         1%          1    None
 Sublimation of Blood     Necr           ####......   4%          2    None
 Tukima's Dance           Hex            ####....     8%          3    None
 Shock                    Conj/Air       ####         1%          1    None
 Swiftness                Chrm/Air       ####....     4%          2    None
 Recall                   Summ/Tloc      N/A          1%          3    None
 Spider Form              Tmut/Pois      ####......   8%          3    None
 Blade Hands              Tmut           ####......   58%         5    None
 Statue Form              Tmut/Erth      #######..    4%          6    None
 Ice Form                 Ice/Tmut       ####....     26%         4    None
 Dragon Form              Tmut           ####......   100%        7    ####...
 Death Channel            Necr           ####......   99%         6    None
 Deflect Missiles         Chrm/Air       ####......   99%         6    None
 Throw Icicle             Conj/Ice       #######.     1%          4    None
 Airstrike                Air            ####......   7%          4    None
 Confusing Touch          Hex            ####..       2%          1    None
 Flame Tongue             Conj/Fire      #####        0%          1    None
 Passwall                 Tmut/Erth      #######.     1%          2    None
 Ignite Poison            Fire/Tmut/Pois ######..     1%          3    None
 Sticks to Snakes         Tmut           ####....     4%          2    None
 Call Canine Familiar     Summ           ######..     1%          3    None
 Ensorcelled Hibernation  Hex/Ice        ####..       4%          2    None
 Metabolic Englaciation   Hex/Ice        ####......   58%         5    None
 Summon Butterflies       Summ           ######..     1%          1    None
 Silence                  Hex/Air        ####......   58%         5    None
 Shatter                  Erth           ########..   11%         9    #######
 Static Discharge         Conj/Air       #######.     1%          3    None
 Corona                   Hex            ####...      2%          1    None
 Alistair's Intoxication  Tmut/Pois      ####....     58%         5    None
 Sandblast                Erth           ######       0%          1    None
 Simulacrum               Ice/Necr       ####......   99%         6    None
 Conjure Ball Lightning   Conj/Air       #######...   1%          6    None
 Portal Projectile        Hex/Tloc       ####..       8%          3    None
 Malign Gateway           Summ/Tloc      ######....   96%         7    ####...
 Leda's Liquefaction      Hex/Erth       #######...   1%          4    None
 Summon Hydra             Summ           ######....   36%         7    ####...
 Inner Flame              Hex/Fire       ######..     1%          3    None
 Beastly Appendage        Tmut           ####..       2%          1    None
 Disjunction              Tloc           ####......   100%        8    #####..
 Iskenderun's Battlesphe  Conj/Chrm      #######.     1%          5    None
 Fulminant Prism          Conj/Hex       #######...   1%          4    None
 Dazzling Spray           Conj/Hex       ######       1%          3    None
 Force Lance              Conj/Tloc      #######.     1%          4    None
 Searing Ray              Conj           ######       0%          2    None
 Summon Lightning Spire   Summ/Air       ######..     3%          4    None
 Summon Guardian Golem    Hex/Summ       ######..     1%          3    None
 Dragon's Call            Summ           ######....   100%        9    #######
 Summon Mana Viper        Hex/Summ       ######..     10%         5    None
 Hydra Form               Tmut           ####......   99%         6    None
 Irradiate                Conj/Tmut      #######...   1%          5    None
 Gell's Gravitas          Tloc           ####......   8%          3    None
 Yara's Violent Unravell  Hex/Tmut       ####......   19%         5    None
 Lesser Beckoning         Tloc           ####......   8%          3    None
 Borgnjor's Vile Clutch   Necr/Erth      #######...   1%          5    None


Dungeon Overview and Level Annotations

Branches:
Dungeon (15/15)            Temple (1/1) D:5            Lair (6/6) D:11
  Swamp (4/4) Lair:3        Snake (4/4) Lair:4        Slime (5/5) Lair:6
    Orc (2/2) D:12            Elf (3/3) Orc:2        Vaults (5/5) D:13
  Crypt (0/3) Vaults:2     Depths (5/5) D:15            Zot (3/5) Depths:5

Altars:
Fedhas
Gozag
Kikubaaqudgha
Makhleb
Nemelex Xobeh
Qazlal
Ru
Sif Muna
Vehumet
Wu Jian
Yredelemnul
Zin
Beogh

Shops:
D:7 (   D:11 :   D:13 %   D:14 %   Orc:2 !:*([   Snake:2 =:?   Snake:3 }
Vaults:2 *   Depths:1 }   Depths:2 *   Depths:3 (   Depths:5 =}}

Portals:
Hell: Depths:1 Depths:2 Depths:3 Depths:4 Depths:5
Abyss: Depths:1 Depths:3 Depths:4
Pandemonium: Depths:3
Trove: Vaults:2 (give 7 potions of agility)

Annotations:
Elf:2 3 runed doors
Vaults:5 Mennas
Depths:1 exclusions: ancient lich and 1 more exclusion
Zot:3 exclusion: lightning spire


Innate Abilities, Weirdness & Mutations

You are resistant to torment.
Your stone body is resilient. (AC +20)
You are immune to poison.
Your large and strong wings let you fly indefinitely.
You resist negative energy. (rN+)
You are resistant to electric shocks. (rElec)
You can survive without breathing.
You are immune to petrification.
You are immune to rotting.
You have a pair of small antennae on your head.
Armour fits poorly on your strangely shaped body.


Message History

The death cob hits you but does no damage.
The death cob completely misses you.
Your spellforged servitor casts a spell at the death cob.
The bolt of fire hits the death cob. x2
Casting: Sticky Flame (safe; 0% risk of failure)
Confirm with . or Enter, or press ? or * to list all spells.
Aiming: Sticky Flame (safe; 0% risk of failure)
Press: ? - help, Shift-Dir - straight line, f - death cob, p - death cob
Aim: a death cob (lightly damaged)
The sticky flame hits the death cob.
The death cob is lightly damaged.
The death cob is covered in liquid flames!
The death cob burns! x4; The death cob closely misses you.
The death cob hits your spellforged servitor!!
The death cob drains your spellforged servitor's vigour!
Your spellforged servitor seems to slow down.
The death cob misses you.
The death cob hits your spellforged servitor!!
The death cob hits you but does no damage.
The electric golem hits you but does no damage. x3
The electric golem closely misses you.
The death cob hits your spellforged servitor.
The death cob drains your spellforged servitor's vigour!
Your spellforged servitor seems to slow down.
The death cob hits you! You block the electric golem's attack.
The electric golem hits you but does no damage. x2
You block the electric golem's attack.
The death cob misses your spellforged servitor.
The death cob burns!
The death cob stops burning.
The death cob burns!
The death cob hits your spellforged servitor.
You block the death cob's attack.
The death cob hits your spellforged servitor!!
Your spellforged servitor is destroyed!
The death cob completely misses you.
The storm dragon breathes lightning at you.
The bolt of lightning hits the electric golem.
The electric golem completely resists.
The bolt of lightning misses you.
Casting: Sticky Flame (safe; 0% risk of failure)
Confirm with . or Enter, or press ? or * to list all spells.
Aiming: Sticky Flame (safe; 0% risk of failure)
Press: ? - help, Shift-Dir - straight line, f/p - death cob
Aim: a death cob (moderately damaged)
Okay, then.
Unknown command.
Casting: Sticky Flame (safe; 0% risk of failure)
Confirm with . or Enter, or press ? or * to list all spells.
You summon a servant imbued with your destructive magic!
The death cob gives a chilling moan.
The death cob burns!
The death cob stops burning.
The death cob hits you. The death cob drains your vigour!
You feel as though you will be slow longer.
The death cob barely misses you. x2
The electric golem hurls lightning at you.
The bolt of lightning misses you. The bolt of lightning hits you! You resist.
The death cob hits you but does no damage.
You block the death cob's attack. The electric golem hits you.
The electric golem shocks you. You resist.
The electric golem hits you but does no damage.
The electric golem misses you. You block the electric golem's attack.
The death cob hits you! The death cob hits you!!
* * * LOW HITPOINT WARNING * * *
The death cob drains your vigour!
You feel as though you will be slow longer.
The electric golem hits you.
* * * LOW HITPOINT WARNING * * *
The electric golem shocks you! You resist.
* * * LOW HITPOINT WARNING * * *
The electric golem hits you but does no damage. x2
The electric golem hits you.
* * * LOW HITPOINT WARNING * * *
You block the death cob's attack. The death cob closely misses you.
The electric golem blinks!
The death cob closely misses you. The death cob hits you.
* * * LOW HITPOINT WARNING * * *
The electric golem hurls lightning at you.
The bolt of lightning hits you! You resist.
* * * LOW HITPOINT WARNING * * *
The bolt of lightning hits you! You resist.
* * * LOW HITPOINT WARNING * * *
The bolt of lightning hits the electric golem.
The electric golem completely resists.
The death cob hits you but does no damage.
Unknown command.
Unknown command.
Unknown command.
You feel much better. The death cob hits you.
* * * LOW HITPOINT WARNING * * *
The death cob drains your vigour!
You feel as though you will be slow longer.
The death cob hits you!
* * * LOW HITPOINT WARNING * * *
The death cob drains your vigour!
You feel as though you will be slow longer.
The death cob barely misses you. The death cob hits you!
* * * LOW HITPOINT WARNING * * *
The electric golem hurls lightning at you.
The bolt of lightning hits you! You resist.
* * * LOW HITPOINT WARNING * * *
The bolt of lightning hits you! You resist.
You die...

# ##### .## #...#...##
##########..X..X.#
################..........#.D....
#.............#.8z§.D.######.####
#.#.#.#.#.#.#.#8@zX...# ...
#..................#### .D.
#.#.#.#.#.#.#.###### ....
#.............# .8.
#.#.#.#.#.#.#.# .%.
#...>.........# #.#.#.#.#.#.#.#
#.........)...# ###)#.#.#.#.#.#


You could see an electric golem, a tentacled monstrosity, a storm dragon, 2
death cobs and a friendly spellforged servitor.

Vanquished Creatures
  the Royal Jelly (Slime:5)
  An ancient lich (Zot:2)
  Mara (Swamp:3)
  Sojobo (Depths:5)
  Xtahua (Depths:5)
  Saint Roka (Depths:4)
  A curse toe (Zot:3)
  4 caustic shrikes (Depths:5)
  4 golden dragons
  Rupert (D:15)
  An iron giant (Zot:2)
  8 tentacled monstrosities
  Jorgrun (Swamp:2)
  3 deep elf master archers (Elf:3)
  3 deep elf blademasters
  3 quicksilver dragons
  A titan (Depths:5)
  A death cob (Zot:2)
  16 acid blobs
  Gastronok (Lair:2)
  3 shadow dragons
  3 thorn hunters
  6 storm dragons
  11 draconian monks
  A revenant (Vaults:2)
  3 tengu reavers
  8 nagarajas
  8 azure jellies
  An iron dragon (Depths:3)
  6 fire giants
  6 draconian knights
  4 deep elf sorcerers
  3 frost giants
  5 deep elf elementalists (Elf:3)
  3 draconian shifters
  2 orc warlords
  Louise (Snake:4)
  6 draconian scorchers
  A balrug (Depths:5)
  8 vault wardens
  7 draconian stormcallers
  9 ironheart preservers
  4 stone giants
  3 draconian annihilators
  The ghost of Salmacis the Severer, a journeyman FoFi of Okawaru (Lair:4)
  An entropy weaver (Vaults:2)
  16 very ugly things
  A war gargoyle (Zot:2)
  5 vampire knights
  3 yellow draconians
  3 deep elf demonologists
  10 green draconians
  7 black draconians
  18 purple draconians
  9 spark wasps
  6 deep elf annihilators
  7 deep elf death magi
  6 white draconians
  6 red draconians
  9 death oozes (Slime:5)
  7 ettins
  7 statues (WizLab)
  13 fire dragons
  2 crystal guardians
  3 jiangshi (Depths:1)
  5 yaktaur captains
  Josephine (D:10)
  15 great orbs of eyes
  4 deep elf high priests
  10 naga warriors
  Erolcha (Orc:1)
  7 ice dragons
  4 catoblepae
  27 vault guards
  2 spriggan air magi
  22 hydras
  7 rakshasas
  10 anacondas
  4 ghost crabs
  10 centaur warriors
  16 alligators
  18 dancing weapons
  3 death knights
  8 ogre magi
  4 deep troll shamans
  5 vampire magi
  3 death yaks (Lair:6)
  25 two-headed ogres
  Urug (Orc:1)
  3 deep troll earth magi
  6 tengu warriors
  2 orc high priests
  8 naga sharpshooters
  3 spriggan berserkers
  3 shock serpents
  3 sun demons
  14 deep elf knights
  Sonja (Lair:1)
  5 hell knights
  3 skeletal warriors
  Nergalle (Orc:2)
  A fire crab (Lair:4)
  A shadow wraith (Vaults:1)
  A salamander mystic (Depths:3)
  An infernal demonspawn (Depths:3)
  11 deep trolls
  A flayed ghost (Depths:2)
  5 sea snakes
  7 naga ritualists
  6 unseen horrors
  2 spriggan druids (Swamp:4)
  8 swamp dragons
  A swamp dragon (shapeshifter) (D:15)
  5 deep elf archers
  A shambling mangrove (Swamp:4)
  An obsidian statue (Vaults:2)
  4 glowing orange brains
  A harpy (Vaults:3)
  10 ironbrand convokers
  6 phantasmal warriors
  3 wizards
  A lindwurm (Lair:6)
  6 orc knights
  4 wolf spiders
  21 ugly things
  7 orc sorcerers
  3 necromancers
  60 deep elf magi
  5 fire giant zombies (Depths:1)
  10 cyclopes
  11 salamanders
  9 mana vipers
  7 shining eyes
  4 manticores
  13 moths of wrath
  A rust devil (Depths:1)
  30 black mambas
  The ghost of OnekoMk1 the Zephyrmancer, a novice TeAE of Vehumet (D:5)
  3 guardian serpents (Snake:3)
  6 centaur zombies
  A stone giant skeleton (Vaults:3)
  22 elephants
  15 naga magi
  6 gargoyles
  Maurice (D:10)
  4 eyes of devastation
  2 ice statues (IceCv)
  4 molten gargoyles
  4 vault sentinels
  15 spiny frogs
  7 centaur skeletons
  3 orange demons (D:12)
  2 kobold demonologists
  A storm dragon simulacrum (Vaults:3)
  5 komodo dragons
  A hellion (Depths:3)
  24 yaktaurs
  A rime drake (Lair:5)
  2 freezing wraiths
  12 ice devils (IceCv)
  3 tyrant leeches
  9 red devils (Depths:2)
  8 trolls
  3 meliai (D:14)
  4 tengu conjurers
  4 polar bears (Lair:6)
  73 slime creatures
  3 wind drakes (Depths:2)
  A harpy skeleton (D:15)
  12 hornets
  11 bog bodies
  16 blink frogs
  16 hippogriffs
  5 dream sheep (Lair:6)
  A flying skull (Depths:1)
  2 shadows (D:13)
  5 air elementals
  7 spriggans
  3 wyverns
  A centaur simulacrum (D:13)
  10 water elementals
  24 yaks
  11 wraiths
  A wyvern (shapeshifter) (Depths:3)
  3 basilisks
  3 fire elementals (Depths:2)
  2 humans (shapeshifter)
  Grum (D:10)
  22 golden eyes
  9 vampire mosquitoes
  4 wargs
  2 hungry ghosts
  A steam dragon (D:10)
  9 insubstantial wisps
  An acid dragon (shapeshifter) (Vaults:3)
  33 nagas
  19 swamp worms
  13 water moccasins
  2 acid dragons
  8 hell hounds
  12 porcupines
  4 soldier ants
  2 floating eyes
  32 orc warriors
  14 swamp drakes
  2 sky beasts
  4 black bears
  5 eyes of draining
  5 ice beasts
  9 necrophages (D:12)
  21 wolves
  6 boggarts (Depths:4)
  34 ogres
  A phantom (D:10)
  14 crocodiles
  An orc skeleton (Vaults:1)
  17 centaurs
  A human skeleton (Vaults:3)
  4 big kobolds
  A gnoll sergeant (D:8)
  A human zombie (Vaults:1)
  12 bullfrogs
  2 wyvern zombies
  4 earth elementals
  A water moccasin zombie (D:11)
  A wyvern skeleton (D:13)
  11 scorpions
  10 wights
  6 killer bees (D:9)
  2 human simulacra (Vaults:1)
  3 spectral wolves
  7 electric eels
  A lava snake (D:14)
  8 howler monkeys
  3 bullfrog zombies (D:12)
  3 crimson imps
  A quasit (D:7)
  4 hounds
  4 jellies
  16 orc priests
  23 orc wizards
  2 bullfrog skeletons
  Terence (D:3)
  Jessica (D:3)
  9 iguanas
  9 worker ants
  A hound zombie (D:6)
  A hound skeleton (D:5)
  A mummy (D:12)
  A howler monkey zombie (D:6)
  2 worker ant zombies
  7 gnolls
  10 adders
  2 shadow imps (D:8)
  3 white imps (IceCv)
  5 ufetubi (IceCv)
  An ooze (D:6)
  An adder zombie (D:8)
  2 worms
  3 dart slugs
  4 leopard geckos
  91 orcs
  3 ball pythons
  6 giant cockroaches
  8 goblins
  7 hobgoblins
  7 jackals
  22 kobolds
  3 quokkas
  3 bats
  6 frilled lizards
  A jackal skeleton (D:8)
  A quokka skeleton (D:5)
  8 rats
  3 fire vortices (Depths:2)
  5 fungi
  A plant (Snake:2)
1898 creatures vanquished.

Vanquished Creatures (collateral kills)
  Dissolution (Slime:3)
  An orb of fire (Zot:2)
  A juggernaut (Depths:5)
  Bai Suzhen (Vaults:3)
  Margery (Vaults:3)
  3 golden dragons
  Nikola (Vaults:3)
  Jory (Depths:1)
  A bone dragon (Depths:5)
  3 tentacled monstrosities
  A lich (Depths:4)
  A deep elf master archer (Elf:3)
  2 acid blobs
  A thorn hunter (Depths:2)
  2 death cobs
  A sphinx (Depths:4)
  Agnes (Snake:1)
  An azure jelly (Slime:2)
  2 storm dragons
  4 nagarajas (Snake:4)
  A shadow dragon (Zot:3)
  A revenant (Vaults:2)
  A fire giant (Depths:3)
  A draconian monk (Zot:2)
  3 deep elf sorcerers
  2 frost giants
  Aizul (Snake:4)
  5 vault wardens
  A balrug (Depths:2)
  A draconian knight (Zot:1)
  A draconian stormcaller (Zot:1)
  8 ironheart preservers
  3 vampire knights (Depths:1)
  2 stone giants
  6 red draconians
  2 green draconians
  2 black draconians
  13 very ugly things
  A deep elf demonologist (Elf:3)
  4 deep elf annihilators
  3 spark wasps
  3 purple draconians
  2 white draconians
  2 yellow draconians
  2 ettins
  2 statues (WizLab)
  A deep elf death mage (Vaults:2)
  3 jiangshi
  2 deep elf high priests
  4 fire dragons
  6 ice dragons
  9 naga warriors
  A rakshasa (Vaults:3)
  2 hydras (Swamp:4)
  3 yaktaur captains
  2 vault guards
  A ghost crab (Swamp:4)
  A small abomination (Vaults:2)
  An anaconda (Snake:3)
  3 centaur warriors
  An alligator (Swamp:4)
  26 two-headed ogres
  11 ogre magi
  A deep troll shaman (Vaults:2)
  2 tengu warriors
  7 naga sharpshooters
  2 deep troll earth magi
  4 dancing weapons
  A spriggan berserker (Depths:3)
  3 spriggans
  2 hell knights (Vaults:3)
  5 deep elf knights
  A sixfirhy (Depths:3)
  A glowing orange brain (Depths:5)
  5 deep elf archers
  3 flayed ghosts
  11 deep trolls
  5 naga ritualists
  4 swamp dragons (Swamp:4)
  5 harpies (Vaults:1)
  3 ironbrand convokers
  3 phantasmal warriors
  7 orc knights
  A mana viper (Snake:3)
  An orb spider (shapeshifter) (Vaults:2)
  An orc sorcerer (Vaults:2)
  2 frost giant zombies (Depths:1)
  A cyclops (shapeshifter) (Vaults:1)
  2 wolf spiders
  A cyclops (Vaults:2)
  3 salamanders
  21 deep elf magi
  9 ugly things
  4 vault sentinels
  5 black mambas
  A stone giant skeleton (Vaults:1)
  11 naga magi
  A guardian serpent (Snake:4)
  21 yaktaurs
  A rime drake (shapeshifter) (Vaults:3)
  2 freezing wraiths
  A hellwing (Depths:3)
  A tengu conjurer (Depths:1)
  A troll (Vaults:2)
  2 tyrant leeches
  4 hornets
  12 slime creatures
  2 raiju (Depths:1)
  3 blink frogs (Swamp:4)
  2 bog bodies (Swamp:4)
  5 flying skulls (Depths:1)
  A shadow (Swamp:2)
  A wraith (Vaults:2)
  A redback (Vaults:2)
  3 water elementals
  A human (shapeshifter) (Depths:3)
  A vampire mosquito (Swamp:4)
  A human simulacrum (Vaults:1)
  A swamp worm (Swamp:4)
  A spatial vortex (Vaults:1)
  10 nagas
  5 orc warriors
  16 ogres
  3 wolves (Depths:1)
  2 human skeletons
  An orc zombie (Vaults:1)
  2 earth elementals (Elf:1)
  A crimson imp (Depths:4)
  An orc priest (Vaults:1)
  2 orcs
430 creatures vanquished.

Vanquished Creatures (others)
  A draconian knight (Zot:2)
  A draconian stormcaller (Zot:2)
  2 spark wasps (Depths:2)
  A blizzard demon (IceCv)
  A deep elf mage (WizLab)
  A black mamba (Snake:2)
  A tyrant leech (Swamp:3)
  6 white imps (IceCv)
  5 ufetubi (IceCv)
  6 briar patches
  2 bushes (Lair:6)
  24 fungi
  48 plants
  A withered plant (D:12)
100 creatures vanquished.

Grand Total: 2428 creatures vanquished

Notes
Turn   | Place    | Note
-------+----------+-------------------------------------------
     0 | D:1      | Mgcat the Gargoyle Fire Elementalist began the quest for the Orb.
     0 | D:1      | Reached XP level 1. HP: 10/10 MP: 3/3
    81 | D:1      | HP: 2/10 [kobold (2)]
   438 | D:1      | Reached XP level 2. HP: 11/15 MP: 3/5
   442 | D:1      | Learned a level 2 spell: Throw Flame
  1091 | D:2      | Reached skill level 2 in Conjurations
  1091 | D:2      | Reached XP level 3. HP: 19/19 MP: 1/6
  1572 | D:2      | Reached XP level 4. HP: 24/24 MP: 5/8
  1577 | D:2      | Learned a level 3 spell: Conjure Flame
  2190 | D:3      | Found a blossoming altar of Fedhas.
  2316 | D:3      | Noticed Jessica
  2321 | D:3      | Killed Jessica
  2321 | D:3      | Reached skill level 3 in Spellcasting
  2321 | D:3      | Reached XP level 5. HP: 24/28 MP: 2/9
  2504 | D:3      | Noticed Terence
  2535 | D:3      | Killed Terence
  2535 | D:3      | Reached skill level 3 in Conjurations
  2535 | D:3      | Reached skill level 4 in Fire Magic
  2680 | D:3      | Noticed an ogre
  2693 | D:3      | Killed an ogre
  2693 | D:3      | Reached skill level 3 in Stealth
  2693 | D:3      | Reached XP level 6. HP: 31/32 MP: 0/11
  3525 | D:4      | Learned a level 4 spell: Sticky Flame
  3845 | D:4      | Reached skill level 4 in Conjurations
  3845 | D:4      | Reached XP level 7. HP: 36/36 MP: 12/12
  4115 | D:5      | Entered Level 5 of the Dungeon
  4117 | D:5      | Reached skill level 4 in Stealth
  4153 | D:5      | Found a transporter.
  4209 | D:5      | Reached skill level 4 in Spellcasting
  4224 | D:5      | Reached skill level 5 in Fire Magic
  4587 | D:5      | Noticed a hippogriff
  4603 | D:5      | Killed a hippogriff
  4603 | D:5      | Reached skill level 5 in Stealth
  4603 | D:5      | Reached skill level 5 in Conjurations
  4603 | D:5      | Reached XP level 8. HP: 40/41 MP: 8/15
  4801 | D:5      | Noticed OnekoMk1's ghost (novice TeAE)
  4815 | D:5      | Killed OnekoMk1's ghost
  4815 | D:5      | Reached skill level 5 in Spellcasting
  4815 | D:5      | Reached skill level 6 in Fire Magic
  4977 | D:5      | Found a staircase to the Ecumenical Temple.
  4996 | Temple   | Entered the Ecumenical Temple
  5003 | Temple   | Became a worshipper of Vehumet
  5028 | D:5      | Found a transporter.
  5059 | D:5      | Reached skill level 6 in Conjurations
  5406 | D:5      | Learned a level 5 spell: Fireball
  5482 | D:5      | Got a shimmering chain mail
  5493 | D:5      | Identified the +1 chain mail of Impas {rElec rC+ Int+3 Dex+4} (You found it on level 5 of the Dungeon)
  5666 | D:5      | Reached skill level 1 in Fighting
  5691 | D:6      | Reached XP level 9. HP: 47/47 MP: 17/17
  5697 | D:6      | Reached skill level 2 in Dodging
  5976 | D:6      | Reached skill level 2 in Fighting
  6029 | D:6      | Got a distressingly furry robe
  6048 | D:6      | Identified the cursed +0 robe of Responsibility {-Cast Str+4 Dex+6} (You found it on level 6 of the Dungeon)
  6072 | D:6      | Got a brightly glowing leather armour
  6455 | D:7      | Noticed a hornet
  6533 | D:7      | Killed a hornet
  6533 | D:7      | Reached skill level 6 in Spellcasting
  6533 | D:7      | Reached skill level 7 in Fire Magic
  6581 | D:7      | Found a basalt altar of Yredelemnul.
  6678 | D:7      | Found a sparkling altar of Nemelex Xobeh.
  6816 | D:7      | Reached skill level 3 in Fighting
  6816 | D:7      | Reached skill level 7 in Conjurations
  6958 | D:7      | Identified the +3 leather armour "Uheutam" {+Inv rElec Int+3 Dex+4} (You took it off an orc wizard on level 6 of the Dungeon)
  7160 | D:7      | Found Etaqowk's Weapon Shop.
  7277 | D:8      | Reached skill level 3 in Dodging
  7761 | D:8      | Noticed a two-headed ogre
  7772 | D:8      | Killed a two-headed ogre
  7772 | D:8      | Reached skill level 4 in Fighting
  7772 | D:8      | Reached XP level 10. HP: 57/57 MP: 12/20
  7773 | D:8      | Reached * piety under Vehumet
  7773 | D:8      | Offered knowledge of Freeze by Vehumet.
  8697 | D:9      | Found a sparkling altar of Nemelex Xobeh.
  8871 | D:9      | Reached skill level 4 in Dodging
  9073 | D:9      | Reached skill level 8 in Conjurations
  9078 | D:9      | Reached skill level 8 in Fire Magic
  9084 | D:9      | Reached skill level 7 in Spellcasting
  9491 | D:10     | Entered Level 10 of the Dungeon
  9491 | D:10     | Noticed Maurice
  9563 | D:10     | Offered knowledge of Sting by Vehumet.
  9565 | D:10     | Killed Maurice
  9565 | D:10     | Reached ** piety under Vehumet
  9565 | D:10     | Reached skill level 5 in Fighting
  9758 | D:10     | Noticed Grum
  9803 | D:10     | HP: 11/59 [Grum/enchanted halberd (15)]
 10114 | D:10     | Killed Grum
 10220 | D:10     | Noticed Josephine
 10241 | D:10     | Killed Josephine
 10241 | D:10     | Reached skill level 6 in Fighting
 10241 | D:10     | Reached skill level 5 in Dodging
 10241 | D:10     | Reached XP level 11. HP: 52/64 MP: 4/22
 10623 | D:10     | Reached skill level 9 in Conjurations
 11352 | D:11     | Offered knowledge of Ignite Poison by Vehumet.
 11352 | D:11     | Reached skill level 9 in Fire Magic
 11437 | D:11     | Reached skill level 8 in Spellcasting
 11500 | D:11     | Reached *** piety under Vehumet
 12027 | D:11     | Reached skill level 7 in Fighting
 12239 | D:11     | Noticed a six-headed hydra
 12245 | D:11     | Killed a six-headed hydra
 12432 | D:11     | Found a staircase to the Lair.
 12454 | D:11     | Reached skill level 6 in Dodging
 12528 | D:11     | Offered knowledge of Airstrike by Vehumet.
 12743 | D:11     | Found Pasoh's Book Emporium.
 13170 | D:11     | Found a glowing silver altar of Zin.
 13215 | Lair:1   | Entered Level 1 of the Lair of Beasts
 13331 | Lair:1   | Reached XP level 12. HP: 72/72 MP: 24/24
 13474 | Lair:1   | Reached skill level 10 in Conjurations
 13604 | Lair:1   | Noticed Sonja
 13639 | Lair:1   | Killed Sonja
 14105 | Lair:2   | Reached skill level 8 in Fighting
 14168 | Lair:2   | Noticed a four-headed hydra
 14179 | Lair:2   | Killed a four-headed hydra
 14179 | Lair:2   | Reached skill level 10 in Fire Magic
 14209 | Lair:2   | Reached skill level 9 in Spellcasting
 14558 | Lair:2   | Noticed Gastronok
 14594 | Lair:2   | Killed Gastronok
 15101 | D:11     | Bought Qapeen's Compendium of Battle Magic and Talismans for 807 gold pieces
 15107 | D:11     | Learned a level 5 spell: Bolt of Magma
 15270 | Lair:3   | Reached **** piety under Vehumet
 15275 | Lair:3   | Reached skill level 1 in Earth Magic
 15482 | Lair:3   | Reached skill level 1 in Armour
 15797 | Lair:3   | Offered knowledge of Venom Bolt by Vehumet.
 15810 | Lair:3   | Noticed a seven-headed hydra
 15818 | Lair:3   | Killed a seven-headed hydra
 15818 | Lair:3   | Reached skill level 7 in Dodging
 15818 | Lair:3   | Reached skill level 2 in Earth Magic
 15940 | Lair:3   | Reached skill level 2 in Armour
 16034 | Lair:3   | Found a staircase to the Swamp.
 16150 | Lair:3   | Reached skill level 9 in Fighting
 16157 | Lair:3   | Reached XP level 13. HP: 48/80 MP: 1/26
 16847 | Lair:4   | Reached skill level 11 in Conjurations
 16877 | Lair:4   | Found a staircase to the Snake Pit.
 16957 | Lair:4   | Reached skill level 3 in Earth Magic
 17013 | Lair:4   | Reached skill level 3 in Armour
 17499 | Lair:4   | Noticed Salmacis's ghost (journeyman FoFi)
 17981 | Lair:4   | HP: 5/80 [Salmacis's ghost (19)]
 17981 | Lair:4   | HP: 1/80 [Salmacis's ghost (4)]
 18825 | Lair:5   | Reached ***** piety under Vehumet
 18877 | Lair:5   | Reached skill level 4 in Earth Magic
 18919 | Lair:5   | Offered knowledge of Spellforged Servitor by Vehumet.
 18933 | Lair:5   | Learned a level 7 spell: Spellforged Servitor
 19124 | Lair:5   | Reached skill level 4 in Armour
 19559 | Lair:5   | Reached skill level 1 in Summonings
 19673 | Lair:5   | Reached skill level 10 in Spellcasting
 19948 | Lair:5   | Identified a scroll of acquirement
 19950 | Lair:5   | Got a bound copper ring
 19952 | Lair:5   | Identified the ring of Hedaemuf {Ice *Slow Str+4 Dex+5} (You acquired it on level 5 of the Lair of Beasts)
 20001 | Lair:5   | Reached skill level 11 in Fire Magic
 20436 | Lair:6   | Entered Level 6 of the Lair of Beasts
 20448 | Lair:6   | Reached skill level 5 in Earth Magic
 20719 | Lair:6   | Reached skill level 2 in Summonings
 20801 | Lair:6   | Gained mutation: Your large and strong wings let you fly indefinitely. [Gargoyle growth]
 20801 | Lair:6   | Reached XP level 14. HP: 74/87 MP: 19/28
 20936 | Lair:6   | Reached skill level 10 in Fighting
 20991 | Lair:6   | Reached skill level 5 in Armour
 21008 | Lair:6   | Reached skill level 8 in Dodging
 21225 | Lair:6   | Found a staircase to the Slime Pits.
 21538 | Lair:6   | Reached skill level 3 in Summonings
 21801 | Lair:6   | Found an ornate altar of the Wu Jian Council.
 22226 | Lair:6   | Reached skill level 6 in Earth Magic
 22447 | Lair:6   | Reached skill level 12 in Conjurations
 24183 | D:12     | Found a staircase to the Orcish Mines.
 24376 | D:12     | Reached skill level 4 in Summonings
 24541 | D:12     | Reached skill level 7 in Earth Magic
 25115 | Orc:1    | Entered Level 1 of the Orcish Mines
 25332 | Orc:1    | Noticed Erolcha
 25335 | D:12     | Offered knowledge of Bolt of Fire by Vehumet.
 25344 | D:12     | Learned a level 6 spell: Bolt of Fire
 25453 | Orc:1    | Killed Erolcha
 25508 | Orc:1    | Noticed Urug
 25652 | Orc:1    | Killed Urug
 25652 | Orc:1    | Reached XP level 15. HP: 93/93 MP: 24/29
 25771 | Orc:1    | Found a roughly hewn altar of Beogh.
 26089 | Orc:2    | Entered Level 2 of the Orcish Mines
 26247 | Orc:2    | Found Feogohim's Distillery.
 26262 | Orc:2    | Bought a potion of magic for 96 gold pieces
 26824 | Orc:2    | Noticed an orc warlord
 26830 | Orc:2    | Killed an orc warlord
 26832 | Orc:2    | Reached skill level 11 in Fighting
 27054 | Orc:2    | Noticed Nergalle
 27058 | Orc:2    | Killed Nergalle
 27250 | Orc:2    | Found a roughly hewn altar of Beogh.
 27427 | Orc:2    | Found Orchout's General Store.
 27450 | Orc:2    | Found Atzifuf's Antique Armour Shoppe.
 27468 | Orc:2    | Found Lurphajue's Antique Weapon Shoppe.
 27485 | Orc:2    | Found Zourrayl's Book Shoppe.
 27532 | Orc:2    | Bought a +1 robe of the Archmagi for 588 gold pieces
 27565 | Orc:2    | Found a staircase to the Elven Halls.
 27828 | Orc:2    | Bought an ichor-stained cloak for 275 gold pieces
 27838 | Orc:2    | Identified the +0 cloak "Trusted Companion" {rPois rF+} (You bought it in a shop on level 2 of the Orcish Mines)
 27950 | D:13     | Reached skill level 11 in Spellcasting
 28130 | D:12     | Reached skill level 5 in Summonings
 28290 | D:13     | Reached skill level 8 in Earth Magic
 28292 | D:13     | Reached skill level 12 in Fire Magic
 28476 | D:13     | Found a burning altar of Makhleb.
 28478 | D:13     | Found a stormy altar of Qazlal.
 28478 | D:13     | Found a blossoming altar of Fedhas.
 28479 | D:13     | Found a deep blue altar of Sif Muna.
 28481 | D:13     | Reached skill level 9 in Dodging
 28612 | D:13     | Got a scorched copper ring
 28613 | D:13     | Identified Sif Muna's Volume of the Frostbite
 28639 | D:13     | Offered knowledge of Iron Shot by Vehumet.
 28791 | D:13     | Reached skill level 1 in Shields
 28800 | D:13     | Reached skill level 6 in Armour
 28808 | D:13     | Learned a level 6 spell: Iron Shot
 29209 | D:13     | Found Caizir's Food Shop.
 29431 | D:13     | Reached skill level 2 in Shields
 29789 | D:13     | Found a gate to the Vaults.
 29839 | D:13     | Identified the ring of Arrival {rPois rF+ rN+ EV+3 Dex+3} (You found it on level 13 of the Dungeon)
 29989 | D:14     | Reached skill level 13 in Conjurations
 30235 | D:14     | Reached skill level 3 in Shields
 30554 | D:14     | Reached XP level 16. HP: 101/101 MP: 23/31
 30556 | D:14     | Reached skill level 9 in Earth Magic
 30584 | D:14     | HP: 20/101 [phantasmal warrior[a death knight] (22)]
 30960 | D:14     | Found Hidwov's Food Shoppe.
 31046 | D:15     | Entered Level 15 of the Dungeon
 31157 | D:15     | Noticed Rupert
 31240 | D:15     | Reached skill level 4 in Shields
 31245 | D:15     | Killed Rupert
 31465 | D:15     | Found a staircase to the Depths.
 31471 | D:15     | Reached skill level 12 in Fighting
 32645 | Swamp:1  | Entered Level 1 of the Swamp
 33485 | Swamp:2  | Noticed Jorgrun
 33490 | Swamp:2  | Killed Jorgrun
 33490 | Swamp:2  | Reached skill level 10 in Earth Magic
 33511 | Swamp:2  | Noticed a thorn hunter
 33925 | Swamp:2  | Killed a thorn hunter
 34069 | Swamp:2  | Got a warped chain mail
 34103 | Swamp:2  | Reached skill level 12 in Spellcasting
 34246 | Swamp:2  | Reached ****** piety under Vehumet
 34246 | Swamp:2  | Reached skill level 13 in Fire Magic
 34293 | Swamp:2  | Found a transporter.
 34424 | Swamp:2  | Found a transporter.
 34800 | Swamp:3  | Offered knowledge of Lee's Rapid Deconstruction by Vehumet.
 34808 | Swamp:3  | Found a frozen archway.
 34846 | IceCv    | Entered an ice cave
 35371 | IceCv    | Reached skill level 6 in Summonings
 35693 | Swamp:3  | Identified a +2 pair of boots of running (You found it in an ice cave)
 35910 | Swamp:3  | Reached skill level 14 in Conjurations
 36076 | Swamp:3  | Reached XP level 17. HP: 106/106 MP: 33/33
 36088 | Swamp:3  | Noticed Mara
 36091 | Swamp:3  | Noticed Mgcat's illusion
 36096 | Swamp:3  | Killed Mara
 36102 | Swamp:3  | Reached skill level 11 in Earth Magic
 36958 | Snake:1  | Entered Level 1 of the Snake Pit
 37543 | Snake:1  | Noticed Agnes
 37548 | Snake:1  | Killed Agnes
 37548 | Snake:1  | Reached skill level 7 in Summonings
 37551 | Snake:1  | Offered knowledge of Bolt of Cold by Vehumet.
 38360 | Lair:4   | Killed Salmacis's ghost
 39618 | Snake:2  | Found a runed door.
 39955 | Snake:2  | Reached skill level 12 in Earth Magic
 40159 | Snake:2  | Found Ickery's Book Boutique.
 40161 | Snake:2  | Found Ixoepouq's Food Shop.
 40161 | Snake:2  | Found Tebooh's Jewellery Boutique.
 40166 | Snake:2  | Found Peohisku's Magic Scroll Shop.
 40175 | Snake:2  | Bought an uncursed ring of see invisible for 180 gold pieces
 40715 | Snake:2  | Reached skill level 14 in Fire Magic
 40752 | Snake:2  | Reached skill level 13 in Spellcasting
 40987 | Snake:3  | Reached XP level 18. HP: 112/112 MP: 28/35
 41129 | Snake:3  | Reached skill level 8 in Summonings
 41293 | Snake:3  | Reached skill level 15 in Conjurations
 41470 | Snake:3  | Offered knowledge of Poison Arrow by Vehumet.
 42333 | Snake:3  | Found Dosaampo's Gadget Shop.
 42569 | Snake:2  | Bought a ration for 60 gold pieces
 42569 | Snake:2  | Bought a ration for 60 gold pieces
 42569 | Snake:2  | Bought a ration for 60 gold pieces
 42569 | Snake:2  | Bought a ration for 60 gold pieces
 42569 | Snake:2  | Bought a ration for 60 gold pieces
 42569 | Snake:2  | Bought a ration for 60 gold pieces
 42569 | Snake:2  | Bought a ration for 60 gold pieces
 42759 | Swamp:4  | Entered Level 4 of the Swamp
 43290 | Swamp:4  | Reached skill level 13 in Earth Magic
 43368 | Swamp:4  | Offered knowledge of Conjure Ball Lightning by Vehumet.
 43858 | Swamp:4  | Reached skill level 9 in Summonings
 43968 | Swamp:4  | Got a decaying rune of Zot
 44486 | Snake:4  | Entered Level 4 of the Snake Pit
 44586 | Snake:4  | Found a stormy altar of Qazlal.
 44623 | Snake:4  | Noticed Aizul
 44628 | Snake:4  | Killed Aizul
 44866 | Snake:4  | Reached XP level 19. HP: 108/116 MP: 35/36
 45420 | Snake:4  | Noticed Louise
 45426 | Snake:4  | Killed Louise
 45860 | Snake:4  | Reached skill level 15 in Fire Magic
 45869 | Snake:4  | Reached skill level 16 in Conjurations
 46101 | Snake:4  | Got a serpentine rune of Zot
 46451 | Vaults:1 | Entered Level 1 of the Vaults
 46496 | Vaults:1 | Reached skill level 14 in Spellcasting
 46550 | Vaults:1 | Reached skill level 14 in Earth Magic
 46751 | Vaults:1 | Offered knowledge of Glaciate by Vehumet.
 46751 | Vaults:1 | Offered knowledge of Shatter by Vehumet.
 46751 | Vaults:1 | Offered knowledge of Ignition by Vehumet.
 46871 | Vaults:1 | Learned a level 8 spell: Ignition
 46917 | Vaults:1 | Reached skill level 10 in Summonings
 47832 | Vaults:1 | Got a transparent dagger
 47833 | Vaults:1 | Identified the cursed +3 dagger of Descent {pierce, Str+4 Int+6 Dex-3} (You found it on level 1 of the Vaults)
 48927 | Vaults:2 | Identified the Papyrus of the Compass and Moulding
 48940 | Vaults:2 | Found Lurett's General Store.
 49154 | Vaults:2 | Reached XP level 20. HP: 98/122 MP: 1/38
 49594 | Vaults:2 | Bought a +2 buckler of protection for 473 gold pieces
 49888 | Vaults:2 | Reached skill level 15 in Earth Magic
 50526 | Vaults:2 | Found a portal to a secret trove of treasure.
 50691 | Orc:2    | Bought a potion of agility for 48 gold pieces
 50691 | Orc:2    | Bought a potion of mutation for 96 gold pieces
 51014 | Vaults:2 | Reached skill level 17 in Conjurations
 51234 | Vaults:2 | Found a staircase to the Crypt.
 52060 | Vaults:3 | Reached skill level 16 in Fire Magic
 52275 | Vaults:3 | Noticed Margery
 52296 | Vaults:3 | Killed Margery
 52303 | Vaults:3 | Reached skill level 15 in Spellcasting
 53651 | Vaults:3 | Reached skill level 16 in Earth Magic
 53882 | Vaults:3 | Noticed Bai Suzhen
 53889 | Vaults:3 | Killed Bai Suzhen
 53889 | Vaults:3 | Reached XP level 21. HP: 121/127 MP: 4/40
 54239 | Orc:2    | Bought a faintly glowing trident for 280 gold pieces
 54239 | Orc:2    | Identified the +6 trident of an ice cave {elec, rC+ rN+ Str+3 Int+4} (You bought it in a shop on level 2 of the Orcish Mines)
 54944 | Swamp:2  | Got a sparkling silver amulet
 54953 | Swamp:2  | Identified the Volume of Air and Sinister Arts
 54957 | Swamp:2  | Got a crude silver ring
 54966 | Swamp:2  | Identified the amulet of Orenapn {Inacc rF+} (You found it on level 2 of the Swamp)
 54975 | Swamp:2  | Identified the ring "Imueriah" {Ice MR++ Int+2} (You found it on level 2 of the Swamp)
 55230 | Elf:1    | Entered Level 1 of the Elven Halls
 55352 | Elf:1    | Found a radiant altar of Vehumet.
 55579 | Elf:1    | Found a magical portal.
 55614 | WizLab   | Entered Iskenderun's Mystic Tower
 57248 | WizLab   | Identified Iskenderun's Papyrus of Conjuration
 57248 | WizLab   | Identified Iskenderun's Handbook of Blows and Bruises
 57665 | Elf:1    | Identified Loihargh's Papyrus of Confrontation
 57686 | Elf:1    | Got a bronze scale mail
 57687 | Elf:1    | Identified the +1 scale mail "Gapuidd" {Str+2} (You acquired it on level 1 of the Elven Halls)
 57946 | Elf:1    | Reached skill level 18 in Conjurations
 58113 | Elf:2    | Found a flickering gateway to a bazaar.
 58124 | Bazaar   | Entered a bazaar
 58148 | Bazaar   | Found Ducs's Assorted Antiques.
 58156 | Bazaar   | Bought a pitted bronze amulet for 110 gold pieces
 58174 | Bazaar   | Found Nuonuq's Assorted Antiques.
 58212 | Bazaar   | Found Tevesi's Weapon Shoppe.
 58249 | Bazaar   | Bought a scroll of blinking for 157 gold pieces
 58249 | Bazaar   | Bought an emerald ring for 105 gold pieces
 58256 | Bazaar   | Identified the amulet "Oxyipsur" {Faith *Contam rElec Str+2 Dex+3} (You bought it in a shop in a bazaar)
 58634 | Elf:2    | Found a runed gate.
 58636 | Elf:2    | Found a runed gate.
 58636 | Elf:2    | Found a runed gate.
 59018 | Elf:2    | Reached skill level 17 in Fire Magic
 59339 | Depths:1 | Entered Level 1 of the Depths
 59537 | D:15     | Reached skill level 17 in Earth Magic
 59740 | Vaults:3 | Reached XP level 22. HP: 134/134 MP: 22/41
 59834 | Vaults:3 | Noticed Nikola
 60486 | Vaults:3 | Killed Nikola
 60486 | Vaults:3 | Reached skill level 13 in Fighting
 60486 | Vaults:3 | Reached skill level 16 in Spellcasting
 61356 | Vaults:4 | Got an ichor-stained war axe
 61384 | Vaults:4 | Identified the +8 war axe "Yrafywna" {venom, Str+2 Dex+4} (You found it on level 4 of the Vaults)
 61753 | Vaults:4 | Reached skill level 10 in Dodging
 62609 | Depths:1 | Noticed an ancient lich
 62609 | Depths:1 | Noticed an ancient lich
 62620 | Depths:1 | Found Monunu's Gadget Emporium.
 63618 | Depths:1 | Noticed Jory
 63631 | Depths:1 | Killed Jory
 63647 | Depths:1 | HP: 33/136 [vampire mage/bolt of negative energy (6)]
 63957 | Depths:1 | Found a one-way gate to the infinite horrors of the Abyss.
 64209 | Depths:1 | Found a gateway to Hell.
 64354 | Depths:1 | Found a basalt altar of Yredelemnul.
 64608 | Depths:1 | Paralysed by a Zot trap for 3 turns
 64628 | Depths:1 | Found the +3 Elemental Staff {rElec rF++ rC++ MR++ AC+5}
 64893 | Depths:2 | Reached XP level 23. HP: 141/141 MP: 24/43
 65383 | Depths:2 | Found Jiqak's Changing Room.
 65850 | Depths:2 | Reached skill level 19 in Conjurations
 65850 | Depths:2 | Reached skill level 14 in Fighting
 65850 | Depths:2 | Reached skill level 18 in Earth Magic
 66488 | Depths:2 | Identified the Incunabulum of the Snowflakes
 66492 | Depths:2 | Identified Lixzuo's Disquisition on Lightness
 66735 | Depths:3 | Found Fanur's Weapon Boutique.
 67543 | Depths:3 | Reached skill level 18 in Fire Magic
 67752 | Depths:3 | Found a one-way gate leading to the halls of Pandemonium.
 68760 | Depths:4 | Reached skill level 11 in Dodging
 69715 | Depths:4 | Noticed Saint Roka
 69726 | Depths:4 | Killed Saint Roka
 70439 | Depths:4 | Reached XP level 24. HP: 137/149 MP: 28/43
 70468 | Depths:3 | Reached skill level 17 in Spellcasting
 71179 | Depths:5 | Entered Level 5 of the Depths
 71272 | Depths:5 | Reached skill level 15 in Fighting
 71516 | Depths:5 | Noticed a juggernaut
 71522 | Depths:5 | Killed a juggernaut
 71883 | Depths:5 | Noticed Xtahua
 71892 | Depths:5 | Killed Xtahua
 72072 | Depths:5 | Noticed Sojobo
 72170 | Depths:5 | Killed Sojobo
 72170 | Depths:5 | Reached skill level 19 in Earth Magic
 72323 | Depths:5 | Noticed a caustic shrike
 72323 | Depths:5 | Noticed a caustic shrike
 72456 | Depths:5 | Found a gate to the Realm of Zot.
 72461 | Depths:5 | Noticed a caustic shrike
 72463 | Depths:5 | Noticed a caustic shrike
 72470 | Depths:5 | Killed a caustic shrike
 72470 | Depths:5 | Killed a caustic shrike
 72470 | Depths:5 | Killed a caustic shrike
 72472 | Depths:5 | Killed a caustic shrike
 72915 | Depths:5 | Got a scorched chain mail
 72967 | Depths:5 | Found Untism's Gadget Shop.
 72969 | Depths:5 | Found Abaj's Jewellery Shoppe.
 72970 | Depths:5 | Found Onauj's Gadget Shop.
 73332 | Elf:3    | Entered Level 3 of the Elven Halls
 73503 | Elf:3    | Reached skill level 20 in Conjurations
 74121 | Elf:3    | Got a scintillating brass ring
 74473 | Elf:3    | Reached XP level 25. HP: 156/156 MP: 26/44
 74746 | Elf:3    | Reached skill level 12 in Dodging
 74861 | Elf:3    | Got a dazzling leather armour
 75324 | Elf:3    | Got a wavering golden ring
 75472 | Elf:3    | Identified the cursed +1 leather armour of Catatonia {-Cast Regen+ Str+3 Dex+6} (You took it off a deep elf high priest on level 3 of the Elven Halls)
 75476 | Elf:3    | Identified the ring of Sexken {Fire Slay+3} (You took it off a deep elf demonologist on level 3 of the Elven Halls)
 75477 | Elf:3    | Identified the ring of Quwkoff {rElec Str+2 Stlth-} (You took it off a deep elf mage on level 3 of the Elven Halls)
 75519 | Elf:3    | Got a glittering crystal amulet
 75548 | Elf:3    | Found the +0 sword of Power
 75570 | Elf:3    | Identified the amulet of Icazevof {Inacc *Slow Int+4 Stlth+} (You found it on level 3 of the Elven Halls)
 75629 | Elf:3    | Identified the Reference Book on the Oath and Dislocation
 76078 | Slime:1  | Entered Level 1 of the Pits of Slime
 76093 | Slime:2  | Reached skill level 19 in Fire Magic
 76328 | Snake:2  | Bought an uncursed ring of resist corrosion for 240 gold pieces
 76328 | Snake:2  | Bought an uncursed ring of positive energy for 240 gold pieces
 76328 | Snake:2  | Bought an uncursed amulet of the acrobat for 360 gold pieces
 76450 | Slime:3  | Noticed Dissolution
 76454 | Slime:3  | Killed Dissolution
 76454 | Slime:3  | Reached skill level 16 in Fighting
 76693 | Slime:5  | Entered Level 5 of the Pits of Slime
 76925 | Slime:5  | Noticed the Royal Jelly
 77979 | Slime:5  | Gained mutation: You have a pair of small antennae on your head. [a shining eye]
 78419 | Slime:5  | Reached skill level 20 in Earth Magic
 78610 | Slime:5  | Killed the Royal Jelly
 78610 | Slime:5  | Reached skill level 18 in Spellcasting
 78663 | Slime:5  | Got a transparent turquoise ring
 78667 | Slime:5  | Got a scorched ring mail
 78672 | Slime:5  | Got a slimy rune of Zot
 78750 | Slime:5  | Got a heavily runed wooden ring
 78794 | Slime:5  | Identified the +2 ring mail of the Cuttlefish {Int+4 Slay+6 SInv} (You found it on level 5 of the Pits of Slime)
 78830 | Slime:5  | Identified the ring of Estaul {rF+ rC+ Slay+3} (You found it on level 5 of the Pits of Slime)
 78831 | Slime:5  | Identified the ring "Ceinaeff" {+Blink rPois rC- Str+3} (You found it on level 5 of the Pits of Slime)
 78843 | Slime:5  | Got a polished war axe
 78883 | Slime:5  | Got an ichor-stained morningstar
 78885 | Slime:5  | Got a crude spear
 78895 | Slime:5  | Identified the +11 spear of Pandemonium {elec, MR+ Int+3} (You found it on level 5 of the Pits of Slime)
 78896 | Slime:5  | Identified the +9 morningstar "Pidecs" {protect, rPois} (You found it on level 5 of the Pits of Slime)
 78897 | Slime:5  | Identified the +1 war axe "Howkerest" {chop, -Tele MR+++ Str+8 Dex-2} (You found it on level 5 of the Pits of Slime)
 79449 | Vaults:5 | Entered Level 5 of the Vaults
 79451 | Vaults:5 | Reached skill level 1 in Evocations
 79451 | Vaults:5 | Reached skill level 2 in Evocations
 79451 | Vaults:5 | Noticed Mennas
 79453 | Vaults:5 | Reached skill level 3 in Evocations
 79453 | Vaults:5 | Reached skill level 17 in Fighting
 79453 | Vaults:5 | Reached XP level 26. HP: 137/166 MP: 45/45
 79948 | Zot:1    | Entered Level 1 of the Realm of Zot
 80462 | Zot:1    | Reached skill level 4 in Evocations
 80696 | Zot:1    | HP: 39/166 [golden dragon (6)]
 81396 | Zot:2    | Reached skill level 5 in Evocations
 81507 | Zot:2    | Reached skill level 21 in Conjurations
 81774 | Zot:2    | Noticed an orb of fire
 82069 | Zot:2    | Identified the Disquisition on Earth
 82331 | Zot:2    | Reached skill level 6 in Evocations
 82648 | Zot:2    | Gained mutation: Armour fits poorly on your strangely shaped body. [an orb of fire]
 82658 | Zot:2    | Killed an orb of fire
 83449 | Zot:2    | Reached skill level 20 in Fire Magic
 83600 | Zot:2    | Noticed an ancient lich
 84086 | Zot:2    | Reached skill level 18 in Fighting
 84230 | Zot:2    | Killed an ancient lich
 84230 | Zot:2    | Reached skill level 21 in Earth Magic
 84230 | Zot:2    | Reached skill level 7 in Evocations
 84230 | Zot:2    | Reached XP level 27. HP: 173/173 MP: 32/45
 84488 | Zot:2    | Found a stormy altar of Qazlal.
 84506 | Zot:2    | Identified the Collected Works on Curses
 84757 | Zot:3    | HP: 38/173 [acid (11)]
 84770 | Zot:2    | HP: 32/173 [acid (9)]
 85285 | Zot:3    | Reached skill level 1 in Staves
 85919 | Zot:3    | Reached skill level 2 in Staves
 86218 | Zot:3    | Reached skill level 3 in Staves
 86871 | Zot:3    | HP: 39/175 [death cob (18)]
 86872 | Zot:3    | HP: 17/175 [electric golem/bolt of lightning (10)]
 86873 | Zot:3    | HP: 7/175 [electric golem/bolt of lightning (3)]
 86873 | Zot:3    | Killed from afar by an electric golem

Vault maps used:
D:1:      dpeg_arrival_windows_large_door, minmay_quantized
D:2:      minmay_tetromino_l2
D:3:      marbit_many_paths, uniq_terence, uniq_jessica
D:5:      gammafunk_steamed_eel, minmay_temple_entry_large_hall, first_ration
D:6:      grunt_decor_one_mirror
D:7:      serial_shops, nicolae_shop_behind_doors, grunt_ogre_cave,
          hangedman_feature_mirror
D:9:      nemelex_xobeh_ov_fountains_minmay
D:10:     hangedman_decor_lopped, uniq_grum, uniq_josephine, uniq_maurice
D:11:     cheibrodos_statue_roulette, minmay_lair_entry_grove, serial_shops,
          kennysheep_mini_moat, basic_altar
D:12:     david_orc_3, serial_undead, serial_undead_c, serial_undead_c,
          serial_undead_d, serial_undead_b, serial_undead_f, serial_undead_f,
          serial_undead_d, serial_undead_e, serial_undead_d, serial_undead_b,
          einodemon_barbed_minivault
D:13:     minmay_the_grid_octo_tiled_squarecenter_mashed, david_vaults_5,
          serial_corexii_hall, corexii_hall_statues_i, corexii_hall_statues_i,
          serial_shops, shop_fountains
D:14:     serial_shops, nicolae_shop_stone, nicolae_lava_and_water
D:15:     hangedman_depths_entry_civil_slaughter, minmay_misc_feat_chi,
          uniq_rupert
Temple:   compressed_dpeg_circular_temple
Lair:1:   grunt_megastairs_3, uniq_sonja
Lair:2:   serial_bayou_pond_e, serial_bayou_shore_b, uniq_gastronok
Lair:3:   nicolae_swamp_entry_splash_gauntlet, lemuel_fruit_tree,
          infiniplex_staircase_pool_2, lemuel_fruit_fields, serial_bayou_shore_b
Lair:4:   beast_lair_carwin_large_1, dummy_snake_entry,
          infiniplex_staircase_pool
Lair:5:   serial_forest, infiniplex_forest_lined_corner,
          infiniplex_forest_lined_2, infiniplex_forest_end_double,
          infiniplex_forest_straight_1, infiniplex_forest_corner_1,
          infiniplex_forest_clump_long, infiniplex_forest_join,
          infiniplex_forest_lined_room_2, infiniplex_forest_lined_4_way
Lair:6:   grunt_lair_end_beastmaster, slime_dummy, basic_altar,
          serial_bayou_shore_b
Swamp:1:  evilmike_swamp_ruin_house_5
Swamp:2:  gammafunk_its_a_trap, evilmike_swamp_ruin_house_6, uniq_jorgrun
Swamp:3:  portal_ice_cave_entry_dragon, nicolae_swamp_trees_clearing, uniq_mara
Swamp:4:  swamp, swamp_pool1
Snake:1:  spider_trap, serial_bayou_shore_b, uniq_agnes
Snake:2:  lightli_airlock, serial_bayou_shore_a, serial_bayou_shore_b,
          minmay_shoptagon
Snake:3:  serial_shops, shop, guppyfry_snake_island, basic_stair_grate_trap
Snake:4:  snake_pit, basic_altar, statue_in_the_mist_lemuel, uniq_aizul,
          uniq_louise
Slime:3:  dissolution_awaits
Orc:1:    mines2_david, uniq_erolcha, uniq_urug
Orc:2:    grunt_orc_cross, serial_shops, shop
Elf:1:    eino_elf_arrival_sip, lightli_enter_wizlab_magi_temple, basic_altar,
          minmay_elf_annihilation
Elf:2:    serial_shops, bzr_entry_lakeside, kennysheep_underground_church
Elf:3:    minmay_elf_hall_furrowed
Vaults:1: v_misc_13, v_pattern_5, v_misc_13, nicolae_vaults_three_branches,
          nicolae_vaults_little_squares_6, ontoclasm_vaults_fault,
          hangedman_vaults_corner_blocks, ontoclasm_vaults_tryst,
          nicolae_vaults_asterisk, hangedman_vaults_stream, v_misc_17,
          vaults_room_door_ring
Vaults:2: nicolae_vaults_gold_heap, hangedman_vaults_trim, vaults_mumra_hex,
          minmay_crypt_entry_simple_corners, v_rooms_4, ontoclasm_vaults_twist,
          nicolae_vaults_statue_guard, serial_shops, shop, enter_trove_1
Vaults:3: v_misc_13, nicolae_vaults_halls_meeting, v_misc_25,
          nicolae_vaults_ninety_degrees, v_rooms_1, v_misc_17, v_misc_28,
          ontoclasm_vaults_ligature, v_misc_1, vaults_room_stairs_pillars,
          vaults_room_corners, hangedman_vaults_slice, uniq_bai_suzhen,
          uniq_nikola, uniq_margery
Vaults:4: nicolae_vaults_border_crossing, nicolae_vaults_little_squares_6,
          vaults_dpeg_encased_lava, nicolae_vaults_network_barrier,
          hangedman_vaults_restitches, vaults_dpeg_diagonal, v_alt_pattern_6,
          ontoclasm_vaults_pinch, hangedman_vaults_cutoff,
          vaults_room_stairs_pillars, nicolae_vaults_windows_and_doors_thing,
          grunt_vaults_focal
Vaults:5: uniq_mennas
Depths:1: lemuel_vampire_tower, enter_ziggurat_d,
          hangedman_abyss_or_decor_stabs, grunt_hell_entry_dis_old,
          abyss_entry_small_statue_room, serial_shops, nicolae_shop_crystal,
          st_stairs_13, kennysheep_generic_room_11
Depths:2: mu_elemental_laboratory, hellmouth_3, kennysheep_cross_bottleneck,
          nicolae_transmutations_shop
Depths:3: minmay_connected_triangles_in_corner, serial_shops, shop, hell_entry,
          rand_demon_pan_entry_3, abyss_entry_glasseish, serial_bayou_ford_a,
          minmay_staircase_windowed_small
Depths:4: hangedman_cross_stitches, nicolae_abyss_entry_one_way_or_another,
          pf_hell_entry_tar_spiral, minmay_parallelograms, uniq_saint_roka
Depths:5: grunt_zot_entry_funnels, lightli_too_deep, minmay_shop_grove,
          uniq_sojobo, uniq_xtahua
Zot:1:    kennysheep_room_grid
Zot:2:    regret_index_qazlal_generations, hangedman_zot_wheel_spokes,
          st_small_dragon_hoard_2
Zot:3:    stair_cage_open, st_stairs_10, amethyst_zot_foddershock
Bazaar:   bazaar_kenran_forest_clearing
IceCv:    ice_cave_small_demon
WizLab:   wizlab_iskenderun

Skill      XL: |  1  2  3  4  5  6  7  8  9 10 11 12 13 14 15 16 17 18 19 20 21 22 23 24 25 26 27 |
---------------+----------------------------------------------------------------------------------+-----
Conjurations   | 2 3 4 5 6 7 8 9 10 11 12 13 14 15 16 17 18 19 20 21 | 21.7
Spellcasting   | 3 4 5 6 7 8 9 10 11 12 13 14 15 16 17 18 | 18.0
Fire Magic     | 4 5 6 7 8 9 10 11 12 13 14 15 16 17 18 19 20 | 20.3
Stealth        | 3 5 |  5.3
Fighting       | 1 4 6 7 9 10 11 12 13 14 15 17 18 | 18.4
Dodging        | 3 5 6 7 8 9 10 11 12 | 12.0
Earth Magic    | 2 5 7 8 10 12 13 14 16 17 18 19 20 21 | 21.3
Armour         | 2 4 5 6 |  6.0
Summonings     | 2 4 5 6 7 9 10 | 10.0
Shields        | 3 4 |  4.0
Evocations     | 3 7 |  7.9
Staves         | 3 |  3.4

Action                   |  1- 3 |  4- 6 |  7- 9 | 10-12 | 13-15 | 16-18 | 19-21 | 22-24 | 25-27 || total
-------------------------+-------+-------+-------+-------+-------+-------+-------+-------+-------++-------
Melee: Mace              |    47 |       |       |       |       |       |       |       |       ||    47
       Dagger            |    17 |    71 |    46 |    84 |   138 |   137 |   174 |       |       ||   667
       Staff             |       |       |       |       |     3 |       |       |   115 |   125 ||   243
       Trident           |       |       |       |       |       |       |    58 |       |       ||    58
 Cast: Flame Tongue      |    30 |    62 |    90 |   239 |   116 |       |       |       |       ||   537
       Throw Flame       |     1 |     9 |   120 |   380 |   490 |    45 |       |       |       ||  1045
       Conjure Flame     |       |     3 |     7 |     5 |    19 |       |       |       |       ||    34
       Sticky Flame      |       |       |     8 |    69 |   120 |    20 |    58 |    48 |    47 ||   370
       Fireball          |       |       |     1 |    10 |    59 |   302 |   285 |    78 |     9 ||   744
       Bolt of Magma     |       |       |       |       |    68 |       |       |       |       ||    68
       Bolt of Fire      |       |       |       |       |   166 |   195 |   105 |   117 |   115 ||   698
       Iron Shot         |       |       |       |       |     2 |    40 |    57 |   232 |   181 ||   512
       Spellforged Servi |       |       |       |       |       |    15 |    94 |    71 |    42 ||   222
       Ignition          |       |       |       |       |       |       |     8 |    57 |    79 ||   144
 Abil: Evoke Invisibilit |       |       |       |       |     1 |       |       |       |       ||     1
       Fly               |       |       |       |       |     1 |       |       |       |       ||     1
       Stop Flying       |       |       |       |       |       |       |       |     1 |       ||     1
Evoke: Wand              |       |       |       |       |       |     4 |       |       |       ||     4
       Staff of energy   |       |       |       |       |       |       |       |       |     2 ||     2
  Use: Scroll            |     4 |     5 |     1 |    14 |    19 |    14 |    14 |    11 |    13 ||    95
       Potion            |       |     1 |       |     1 |     1 |     5 |     6 |     2 |     7 ||    23
 Stab: Sleeping          |     1 |     2 |       |       |       |       |     1 |       |       ||     4
       Distracted        |       |       |       |       |       |       |     3 |     2 |     4 ||     9
  Eat: Chunk             |     2 |     8 |    14 |    25 |    80 |    74 |    92 |   108 |    46 ||   449
       Ration            |       |       |       |     2 |    10 |    22 |     4 |     5 |    10 ||    53
Armor: Robe              |    20 |    10 |       |       |    45 |   154 |    65 |   195 |    70 ||   559
       Ring mail         |       |    13 |    60 |       |       |       |   182 |       |   306 ||   561
       Leather armour    |       |       |     7 |   193 |   266 |       |       |       |       ||   466
Dodge: Dodged            |    48 |    47 |    49 |   293 |   380 |   248 |   290 |   268 |   302 ||  1925
Block: Buckler           |       |       |       |       |    15 |   128 |   107 |   135 |   138 ||   523

Table legend:
 A = Spawn XP
 B = Non-spawn XP
 C = Spawn XP percentage of total XP
 D = Spawn monster count
 E = Non-spawn monster count
 F = Spawn count percentage of total count
 G = Total turns spent on level
                    A         B        C        D         E        F      G
               +---------+---------+-------+---------+---------+-------+---------
         Total |       0 | 1337790 |   0.0 |       0 |    2302 |   0.0 | 86873
               +---------+---------+-------+---------+---------+-------+---------
           D:1 |       0 |      30 |   0.0 |       0 |      17 |   0.0 |  1083
           D:2 |       0 |      60 |   0.0 |       0 |      20 |   0.0 |   875
           D:3 |       0 |     239 |   0.0 |       0 |      21 |   0.0 |  1225
           D:4 |       0 |     300 |   0.0 |       0 |      21 |   0.0 |   932
           D:5 |       0 |    1841 |   0.0 |       0 |      33 |   0.0 |  1666
           D:6 |       0 |     606 |   0.0 |       0 |      14 |   0.0 |   812
           D:7 |       0 |     648 |   0.0 |       0 |       9 |   0.0 |   942
           D:8 |       0 |    2050 |   0.0 |       0 |      33 |   0.0 |  1348
           D:9 |       0 |     990 |   0.0 |       0 |      20 |   0.0 |  1328
          D:10 |       0 |    4541 |   0.0 |       0 |      34 |   0.0 |  1526
          D:11 |       0 |    7217 |   0.0 |       0 |      51 |   0.0 |  2534
          D:12 |       0 |   14103 |   0.0 |       0 |      79 |   0.0 |  2992
          D:13 |       0 |   20130 |   0.0 |       0 |      59 |   0.0 |  1870
          D:14 |       0 |   14358 |   0.0 |       0 |      33 |   0.0 |  1366
          D:15 |       0 |   18404 |   0.0 |       0 |      28 |   0.0 |  2072
        Lair:1 |       0 |    1891 |   0.0 |       0 |       7 |   0.0 |  1176
        Lair:2 |       0 |    6044 |   0.0 |       0 |      18 |   0.0 |  1113
        Lair:3 |       0 |    6033 |   0.0 |       0 |      30 |   0.0 |  2771
        Lair:4 |       0 |   10749 |   0.0 |       0 |      28 |   0.0 |  1925
        Lair:5 |       0 |   10061 |   0.0 |       0 |      30 |   0.0 |  1952
        Lair:6 |       0 |   19513 |   0.0 |       0 |      55 |   0.0 |  2479
       Swamp:1 |       0 |    5749 |   0.0 |       0 |      16 |   0.0 |  1205
       Swamp:2 |       0 |   15565 |   0.0 |       0 |      32 |   0.0 |  1162
       Swamp:3 |       0 |   25324 |   0.0 |       0 |      46 |   0.0 |  1617
       Swamp:4 |       0 |   30314 |   0.0 |       0 |      66 |   0.0 |  1090
       Snake:1 |       0 |   16624 |   0.0 |       0 |      29 |   0.0 |  1652
       Snake:2 |       0 |   25843 |   0.0 |       0 |      43 |   0.0 |  2642
       Snake:3 |       0 |   32722 |   0.0 |       0 |      68 |   0.0 |  1521
       Snake:4 |       0 |   36935 |   0.0 |       0 |      64 |   0.0 |  1226
       Slime:2 |       0 |    9447 |   0.0 |       0 |      13 |   0.0 |    89
       Slime:3 |       0 |   20421 |   0.0 |       0 |      24 |   0.0 |   491
       Slime:4 |       0 |   13830 |   0.0 |       0 |      30 |   0.0 |  1182
       Slime:5 |       0 |   44635 |   0.0 |       0 |      42 |   0.0 |   942
         Orc:1 |       0 |    4269 |   0.0 |       0 |      27 |   0.0 |   800
         Orc:2 |       0 |   10855 |   0.0 |       0 |      53 |   0.0 |  1832
         Elf:1 |       0 |   17719 |   0.0 |       0 |      32 |   0.0 |  1133
         Elf:2 |       0 |   27669 |   0.0 |       0 |      44 |   0.0 |   999
         Elf:3 |       0 |   61994 |   0.0 |       0 |      58 |   0.0 |  2421
      Vaults:1 |       0 |   35328 |   0.0 |       0 |      79 |   0.0 |  2401
      Vaults:2 |       0 |   60997 |   0.0 |       0 |     124 |   0.0 |  3866
      Vaults:3 |       0 |   74526 |   0.0 |       0 |     120 |   0.0 |  2522
      Vaults:4 |       0 |   48163 |   0.0 |       0 |      71 |   0.0 |  1843
      Vaults:5 |       0 |   23673 |   0.0 |       0 |      24 |   0.0 |     9
      Depths:1 |       0 |   59196 |   0.0 |       0 |     108 |   0.0 |  2045
      Depths:2 |       0 |   40621 |   0.0 |       0 |      70 |   0.0 |  2825
      Depths:3 |       0 |   61377 |   0.0 |       0 |      61 |   0.0 |  2311
      Depths:4 |       0 |   50792 |   0.0 |       0 |      64 |   0.0 |  1382
      Depths:5 |       0 |   77400 |   0.0 |       0 |      49 |   0.0 |  1748
         Zot:1 |       0 |   41986 |   0.0 |       0 |      28 |   0.0 |  2003
         Zot:2 |       0 |  126497 |   0.0 |       0 |      82 |   0.0 |  4117
         Zot:3 |       0 |   62296 |   0.0 |       0 |      39 |   0.0 |   805
         IceCv |       0 |    4982 |   0.0 |       0 |      22 |   0.0 |   818
        WizLab |       0 |   30233 |   0.0 |       0 |      34 |   0.0 |  1882
               +---------+---------+-------+---------+---------+-------+---------

Vault maps used:
D:1:      dpeg_arrival_windows_large_door, minmay_quantized
D:2:      minmay_tetromino_l2
D:3:      marbit_many_paths, uniq_terence, uniq_jessica
D:5:      gammafunk_steamed_eel, minmay_temple_entry_large_hall, first_ration
D:6:      grunt_decor_one_mirror
D:7:      serial_shops, nicolae_shop_behind_doors, grunt_ogre_cave,
          hangedman_feature_mirror
D:9:      nemelex_xobeh_ov_fountains_minmay
D:10:     hangedman_decor_lopped, uniq_grum, uniq_josephine, uniq_maurice
D:11:     cheibrodos_statue_roulette, minmay_lair_entry_grove, serial_shops,
          kennysheep_mini_moat, basic_altar
D:12:     david_orc_3, serial_undead, serial_undead_c, serial_undead_c,
          serial_undead_d, serial_undead_b, serial_undead_f, serial_undead_f,
          serial_undead_d, serial_undead_e, serial_undead_d, serial_undead_b,
          einodemon_barbed_minivault
D:13:     minmay_the_grid_octo_tiled_squarecenter_mashed, david_vaults_5,
          serial_corexii_hall, corexii_hall_statues_i, corexii_hall_statues_i,
          serial_shops, shop_fountains
D:14:     serial_shops, nicolae_shop_stone, nicolae_lava_and_water
D:15:     hangedman_depths_entry_civil_slaughter, minmay_misc_feat_chi,
          uniq_rupert
Temple:   compressed_dpeg_circular_temple
Lair:1:   grunt_megastairs_3, uniq_sonja
Lair:2:   serial_bayou_pond_e, serial_bayou_shore_b, uniq_gastronok
Lair:3:   nicolae_swamp_entry_splash_gauntlet, lemuel_fruit_tree,
          infiniplex_staircase_pool_2, lemuel_fruit_fields, serial_bayou_shore_b
Lair:4:   beast_lair_carwin_large_1, dummy_snake_entry,
          infiniplex_staircase_pool
Lair:5:   serial_forest, infiniplex_forest_lined_corner,
          infiniplex_forest_lined_2, infiniplex_forest_end_double,
          infiniplex_forest_straight_1, infiniplex_forest_corner_1,
          infiniplex_forest_clump_long, infiniplex_forest_join,
          infiniplex_forest_lined_room_2, infiniplex_forest_lined_4_way
Lair:6:   grunt_lair_end_beastmaster, slime_dummy, basic_altar,
          serial_bayou_shore_b
Swamp:1:  evilmike_swamp_ruin_house_5
Swamp:2:  gammafunk_its_a_trap, evilmike_swamp_ruin_house_6, uniq_jorgrun
Swamp:3:  portal_ice_cave_entry_dragon, nicolae_swamp_trees_clearing, uniq_mara
Swamp:4:  swamp, swamp_pool1
Snake:1:  spider_trap, serial_bayou_shore_b, uniq_agnes
Snake:2:  lightli_airlock, serial_bayou_shore_a, serial_bayou_shore_b,
          minmay_shoptagon
Snake:3:  serial_shops, shop, guppyfry_snake_island, basic_stair_grate_trap
Snake:4:  snake_pit, basic_altar, statue_in_the_mist_lemuel, uniq_aizul,
          uniq_louise
Slime:3:  dissolution_awaits
Orc:1:    mines2_david, uniq_erolcha, uniq_urug
Orc:2:    grunt_orc_cross, serial_shops, shop
Elf:1:    eino_elf_arrival_sip, lightli_enter_wizlab_magi_temple, basic_altar,
          minmay_elf_annihilation
Elf:2:    serial_shops, bzr_entry_lakeside, kennysheep_underground_church
Elf:3:    minmay_elf_hall_furrowed
Vaults:1: v_misc_13, v_pattern_5, v_misc_13, nicolae_vaults_three_branches,
          nicolae_vaults_little_squares_6, ontoclasm_vaults_fault,
          hangedman_vaults_corner_blocks, ontoclasm_vaults_tryst,
          nicolae_vaults_asterisk, hangedman_vaults_stream, v_misc_17,
          vaults_room_door_ring
Vaults:2: nicolae_vaults_gold_heap, hangedman_vaults_trim, vaults_mumra_hex,
          minmay_crypt_entry_simple_corners, v_rooms_4, ontoclasm_vaults_twist,
          nicolae_vaults_statue_guard, serial_shops, shop, enter_trove_1
Vaults:3: v_misc_13, nicolae_vaults_halls_meeting, v_misc_25,
          nicolae_vaults_ninety_degrees, v_rooms_1, v_misc_17, v_misc_28,
          ontoclasm_vaults_ligature, v_misc_1, vaults_room_stairs_pillars,
          vaults_room_corners, hangedman_vaults_slice, uniq_bai_suzhen,
          uniq_nikola, uniq_margery
Vaults:4: nicolae_vaults_border_crossing, nicolae_vaults_little_squares_6,
          vaults_dpeg_encased_lava, nicolae_vaults_network_barrier,
          hangedman_vaults_restitches, vaults_dpeg_diagonal, v_alt_pattern_6,
          ontoclasm_vaults_pinch, hangedman_vaults_cutoff,
          vaults_room_stairs_pillars, nicolae_vaults_windows_and_doors_thing,
          grunt_vaults_focal
Vaults:5: uniq_mennas
Depths:1: lemuel_vampire_tower, enter_ziggurat_d,
          hangedman_abyss_or_decor_stabs, grunt_hell_entry_dis_old,
          abyss_entry_small_statue_room, serial_shops, nicolae_shop_crystal,
          st_stairs_13, kennysheep_generic_room_11
Depths:2: mu_elemental_laboratory, hellmouth_3, kennysheep_cross_bottleneck,
          nicolae_transmutations_shop
Depths:3: minmay_connected_triangles_in_corner, serial_shops, shop, hell_entry,
          rand_demon_pan_entry_3, abyss_entry_glasseish, serial_bayou_ford_a,
          minmay_staircase_windowed_small
Depths:4: hangedman_cross_stitches, nicolae_abyss_entry_one_way_or_another,
          pf_hell_entry_tar_spiral, minmay_parallelograms, uniq_saint_roka
Depths:5: grunt_zot_entry_funnels, lightli_too_deep, minmay_shop_grove,
          uniq_sojobo, uniq_xtahua
Zot:1:    kennysheep_room_grid
Zot:2:    regret_index_qazlal_generations, hangedman_zot_wheel_spokes,
          st_small_dragon_hoard_2
Zot:3:    stair_cage_open, st_stairs_10, amethyst_zot_foddershock
Bazaar:   bazaar_kenran_forest_clearing
IceCv:    ice_cave_small_demon
WizLab:   wizlab_iskenderun

Table legend:
 A = Turns spent in this place as a percentage of turns spent in the entire game.
 B = Non-inter-level travel turns spent in this place as a percentage of non-inter-level travel turns spent in the entire game.
 C = Inter-level travel turns spent in this place as a percentage of turns spent in this place.
 D = Turns resting spent in this place as a percentage of non-inter-level travel turns spent in this place.
 E = Turns spent auto-exploring this place as a percentage of non-inter-level travel turns spent in this place.
 F = Non-inter-level travel turns spent in this place divided by the number of levels of this place that you've seen.
                   A       B       C       D       E      F
               +-------+-------+-------+-------+-------+----------------------
         Total | 100.0 | 100.0 |   8.2 |  13.7 |  68.7 | 1424.2
       Dungeon |  26.0 |  25.4 |  10.2 |   8.4 |  75.2 | 1351.8
        Temple |   0.0 |   0.0 |   0.0 |   0.0 |   0.0 |  15.0
          Lair |  13.1 |  12.5 |  12.6 |  13.2 |  70.5 | 1663.2
         Swamp |   5.8 |   5.8 |   9.2 |  16.8 |  66.3 | 1152.0
     Snake Pit |   8.1 |   8.3 |   6.5 |  10.7 |  74.4 | 1646.0
    Slime Pits |   3.3 |   3.4 |   4.9 |  58.1 |  20.6 | 541.4
  Orcish Mines |   3.0 |   2.8 |  16.2 |   7.6 |  72.5 | 1103.0
   Elven Halls |   5.2 |   5.2 |   8.2 |  14.0 |  65.7 | 1393.0
        Vaults |  12.2 |  12.5 |   6.6 |   7.5 |  72.5 | 1988.2
        Depths |  11.9 |  12.3 |   5.0 |  14.1 |  68.4 | 1960.0
           Zot |   8.0 |   8.3 |   4.5 |  20.6 |  64.9 | 2205.0
        Bazaar |   0.2 |   0.2 |   0.0 |   0.0 |  73.5 | 147.0
      Ice Cave |   0.9 |   1.0 |   0.0 |  12.5 |  52.3 | 818.0
        Wizlab |   2.2 |   2.4 |   0.0 |  27.3 |  49.7 | 1882.0
               +-------+-------+-------+-------+-------+----------------------

Table legend:
 A = Kills in this place as a percentage of kills in entire the game.
 B = Kills by you in this place as a percentage of kills by you in the entire game.
 C = Kills by friends in this place as a percentage of kills by friends in the entire game.
 D = Other kills in this place as a percentage of other kills in the entire game.
 E = Experience gained in this place as a percentage of experience gained in the entire game.
 F = Experience gained in this place divided by the number of levels of this place that you have seen.
                   A       B       C       D       E      F
               +-------+-------+-------+-------+-------+----------------------
         Total | 100.0 | 100.0 | 100.0 | 100.0 | 100.0 | 23889.1
       Dungeon |  20.5 |  25.2 |   0.2 |   0.0 |   6.4 | 5701.1
          Lair |   7.3 |   9.0 |   0.0 |   0.0 |   4.1 | 9048.5
         Swamp |   7.0 |   7.2 |   5.6 |  25.0 |   5.8 | 19238.0
     Snake Pit |   8.9 |   7.7 |  13.8 |  25.0 |   8.4 | 28031.0
    Slime Pits |   4.7 |   5.6 |   0.9 |   0.0 |   6.6 | 17666.6
  Orcish Mines |   3.5 |   4.3 |   0.0 |   0.0 |   1.1 | 7562.0
   Elven Halls |   5.8 |   5.0 |   9.3 |   0.0 |   8.0 | 35794.0
        Vaults |  18.2 |  12.5 |  42.9 |   0.0 |  18.1 | 48537.4
        Depths |  15.3 |  14.4 |  19.1 |   0.0 |  21.6 | 57877.2
           Zot |   6.5 |   6.2 |   7.5 |  50.0 |  17.3 | 76926.3
      Ice Cave |   1.0 |   1.2 |   0.0 |   0.0 |   0.4 | 4982.0
        Wizlab |   1.5 |   1.7 |   0.7 |   0.0 |   2.3 | 30233.0
               +-------+-------+-------+-------+-------+----------------------
